 Dungeon Crawl Stone Soup version 0.31-a0-702-gf82c85558f (webtiles) character file.

Game seed: 18048980502060298409

1717 qw the Skirmisher (level 9, -3/61 HPs)
             Began as a Gargoyle Hunter on Sept 7, 2023.
             Slain by a troll (9 damage)
             ... on level 7 of the Dungeon.
             The game lasted 00:02:11 (4796 turns).

qw the Skirmisher (Gargoyle Hunter)                 Turns: 4796, Time: 00:02:11

Health: -3/61      AC: 19    Str: 31    XL:     9   Next: 4%
Magic:  9/9        EV: 11    Int:  8    God:
Gold:   277        SH:  0    Dex: 13    Spells: 8/8 levels left

rFire   . . .        k - +0 orcbow (heavy)
rCold   . . .        (shield currently unavailable)
rNeg    + . .        j - +4 ring mail of Foolhardiness {Str+8}
rPois   inf          h - +1 helmet
rElec   +            (no cloak)
rCorr   .            (no gloves)
SInv    .            e - +0 pair of boots
Will    .....        (no amulet)
Stlth   +            (no ring)
HPRegen 0.30/turn    (no ring)
MPRegen 0.11/turn

%: no passive effects
@: no status effects
A: sickness immunity, AC +6, negative energy resistance 1, electricity
resistance, torment resistance 1, petrification resistance, clumsy 1, robust 1,
strong 2
a: no special abilities


You were on level 7 of the Dungeon.
You visited 2 branches of the dungeon, and saw 8 of its levels.

You collected 361 gold pieces.
You spent 84 gold pieces at shops.


Innate Abilities, Weirdness & Mutations

You are immune to sickness and miasma.
Your stone body is resilient. (AC +6)
You are immune to poison.
You resist negative energy. (rN+)
You are resistant to electric shocks. (rElec)
You are resistant to unholy torment.
You are immune to petrification.
You are clumsy. (Dex -2)
You are robust. (+10% HP)
Your muscles are very strong. (Str +8, Int/Dex -2)


   Skills:
 + Level 6.3 Fighting
 - Level 10.1 Ranged Weapons
 - Level 3.1 Armour
 - Level 2.0 Dodging
 - Level 1.1 Stealth


You had 8 spell levels left.
You didn't know any spells.
Your spell library was empty.

Inventory:

Hand Weapons
 k - a +0 heavy orcbow (weapon)
Armour
 e - a +0 pair of boots (worn)
 h - a +1 helmet (worn)
 j - the +4 ring mail of Foolhardiness (worn) {Str+8}
   (You found it on level 3 of the Dungeon)

   Str+8:     It affects your strength (+8).
Scrolls
 a - a scroll of identify
 f - 3 scrolls of teleportation
 g - a scroll of amnesia {unknown}
Potions
 b - a potion of mutation
 c - a potion of might
 d - a potion of curing
 i - a potion of heal wounds {unknown}

Dungeon Overview and Level Annotations

Branches:
Dungeon (7/15)             Temple (1/1) D:7

Altars:
Dithmenos
Fedhas
Kikubaaqudgha
Makhleb
Qazlal
Sif Muna
Trog
Uskayaw
Vehumet
Wu Jian
Xom
Zin
The Shining One

Shops:
D:4 *

Annotations:
D:4 3 runed translucent doors, qw's ghost, amateur MiHs


Message History

Something hits you but does no damage.
You hear some strange, mumbled words.
Something tries to affect you, but you resist.
The troll bites you but does no damage. The troll barely misses you.
The troll claws you but does no damage.
You shoot an arrow. The arrow closely misses the troll.
The troll bites you. The troll claws you but does no damage.
The troll claws you. Something hits you. Something hits you but does no damage.
The troll bites you! The troll barely misses you.
The troll claws you but does no damage.
You shoot an arrow. The arrow barely misses the troll.
The troll bites you but does no damage. The troll claws you but does no damage.
The troll closely misses you. Something hits you.
You shoot an arrow. The arrow closely misses the troll.
The troll bites you but does no damage. The troll claws you.
The troll barely misses you.
A gargoyle comes into view. It is wielding a +0 flail.
You hear some strange, mumbled words.
Something tries to affect you, but you resist.
You hear some strange, mumbled words.
A puff of flame appears from out of thin air!
The puff of flame hits you but does no damage.
The troll bites you but does no damage. The troll closely misses you.
The troll claws you but does no damage.
4792 |||
Found retreat position at 4,-3 (floor) with 0 blocking monsters and 1 monsters attacking at destination at distance 4
4792 ||| Stepping ~*~*~tactically~*~*~ (retreating).
Something hits you but does no damage.
4793 |||
Found retreat position at 3,-2 (floor) with 0 blocking monsters and 1 monsters attacking at destination at distance 3
4793 ||| Stepping ~*~*~tactically~*~*~ (retreating).
4794 |||
Found retreat position at 2,-1 (floor) with 0 blocking monsters and 1 monsters attacking at destination at distance 2
4794 ||| Stepping ~*~*~tactically~*~*~ (retreating).
You shoot an arrow. The arrow hits the troll!
The troll is moderately wounded.
The troll barely misses you.
The troll claws you but does no damage. x2
Something hits you but does no damage.
You shoot an arrow. The arrow barely misses the troll.
The troll bites you. The troll claws you! The troll closely misses you.
Something hits you but does no damage. The troll bites you.
The troll claws you but does no damage. The troll claws you!
You die...

.....#...##.. .
#.....#.#..# .. ##
#..#..#....#.#.
#.##...##....#.... .
#.........>....... ..
#.....#....##.... ...
#...#....#..#.#. ...!
#...#..#.#...... .....
#..T@##...#.....
......#.............##
......'.#.......##....
......9).....<.......#
......#.......#####..#
..)...#.......# #
..... #...###... .....
#.... ..... ....
....##.....


You could see a troll and a gargoyle.

Vanquished Creatures
  Sigmund (D:6)
  A water moccasin (D:4)
  A black bear (D:6)
  3 ogres
  A centaur (D:5)
  A phantom (D:6)
  Blork the orc (D:4)
  A bullfrog (D:6)
  3 scorpions (D:5)
  A howler monkey (D:5)
  2 jellies
  A sleepcap (D:6)
  2 orc priests
  3 hounds
  Natasha (thrice) (D:2)
  3 iguanas
  10 adders
  A river rat (D:5)
  A shadow imp (D:6)
  2 ufetubi
  4 worms
  3 dart slugs
  15 orcs
  2 ball pythons
  11 endoplasms
  6 giant cockroaches
  7 hobgoblins
  3 jackals
  4 kobolds
  6 quokkas
  14 bats
  2 frilled lizards (D:1)
  4 goblins
  4 rats
127 creatures vanquished.

Notes
Turn   | Place    | Note
-------+----------+-------------------------------------------
     0 | D:1      | qw the Gargoyle Hunter began the quest for the Orb.
     0 | D:1      | Reached XP level 1. HP: 12/12 MP: 1/1
     0 | D:1      | 0 ||| qw: Version: 0.3-a-76-g4403597
     0 | D:1      | 0 ||| qw: Game counter: 845
     0 | D:1      | 0 ||| qw: Melee chars always use a shield: true
     0 | D:1      | 0 ||| qw: God list: Okawaru
     0 | D:1      | 0 ||| qw: Allow faded altars: false
     0 | D:1      | 0 ||| qw: Do Orc after clearing Dungeon:15 true
     0 | D:1      | 0 ||| qw: Do second Lair branch before Depths: true
     0 | D:1      | 0 ||| qw: Lair rune preference: random
     0 | D:1      | 0 ||| qw: Goals: Normal
     0 | D:1      | 0 ||| PLANNING D:1-11
    80 | D:1      | Reached XP level 2. HP: 17/17 MP: 2/2
   219 | D:1      | Reached XP level 3. HP: 18/21 MP: 3/3
   228 | D:1      | Reached skill level 5 in Ranged Weapons
   511 | D:1      | 511 ||| UPGRADING to +0 pair of boots.
   516 | D:1      | 516 ||| READING scroll labelled DAUSETREAME.
   517 | D:1      | 517 ||| DROPPING scroll of butterflies.
   676 | D:2      | Noticed Natasha
   681 | D:2      | Killed Natasha
   682 | D:2      | Reached skill level 3 in Fighting
   682 | D:2      | Reached XP level 4. HP: 28/28 MP: 4/4
   779 | D:2      | Noticed Natasha
   798 | D:2      | Killed Natasha
   932 | D:2      | Found a faded altar of an unknown god.
   966 | D:2      | Reached XP level 5. HP: 32/32 MP: 5/5
   987 | D:2      | Noticed Natasha
   991 | D:2      | 991 ||| Stepping ~*~*~tactically~*~*~ (outnumbered).
   996 | D:2      | Killed Natasha
  1031 | D:2      | Reached skill level 6 in Ranged Weapons
  1375 | D:2      | 1375 ||| READING 2 scrolls labelled XUINUN MOROFU.
  1376 | D:2      | 1376 ||| READING 2 scrolls labelled NIKEKU YXKUSMA.
  1381 | D:2      | 1381 ||| READING scroll labelled QURIRA YGEN.
  1382 | D:2      | 1382 ||| READING scroll labelled EDGHAXK REQUO.
  1383 | D:2      | 1383 ||| READING scroll labelled GUMPAS CITYRR.
  1384 | D:2      | 1384 ||| DROPPING scroll of poison.
  1406 | D:3      | 1406 ||| STAIRDANCE
  1413 | D:3      | 1413 ||| STAIRDANCE
  1428 | D:2      | Reached skill level 1 in Armour
  1513 | D:3      | Found a radiant altar of Vehumet.
  1604 | D:3      | 1604 ||| UPGRADING to +0 helmet.
  1611 | D:3      | 1611 ||| READING scroll labelled NAEN RARYENO.
  1612 | D:3      | 1612 ||| READING scroll labelled ABA FEBLIBB.
  1762 | D:3      | Found a shimmering altar of Xom.
  1892 | D:3      | Found a hide-covered altar of Uskayaw.
  1893 | D:3      | Identified the +4 ring mail of Foolhardiness {Str+8}
  2006 | D:3      | 2006 ||| UPGRADING to +1 ring mail of cold resistance.
  2016 | D:3      | 2016 ||| DROPPING +0 leather armour.
  2017 | D:3      | 2017 ||| UPGRADING to +4 ring mail of Foolhardiness
                  | {Str+8}.
  2027 | D:3      | 2027 ||| DROPPING +1 ring mail of cold resistance.
  2038 | D:4      | Noticed an ogre
  2041 | D:4      | 2041 ||| STAIRDANCE
  2045 | D:3      | HP: 3/33 [ogre/+0 giant club (8)]
  2046 | D:3      | 2046 ||| READING 2 scrolls of teleportation.
  2047 | D:3      | Killed an ogre
  2048 | D:3      | Reached XP level 6. HP: 5/40 MP: 6/6
  2333 | D:4      | 2333 ||| SWAPPING to +0 orcbow.
  2334 | D:4      | 2334 ||| DROPPING +1 shortbow.
  2335 | D:4      | 2335 ||| READING scroll of enchant armour.
  2335 | D:4      | 2335 ||| ENCHANTING +0 helmet.
  2398 | D:4      | Noticed Blork the orc
  2409 | D:4      | Killed Blork the orc
  2410 | D:4      | Reached skill level 7 in Ranged Weapons
  2410 | D:4      | Reached XP level 7. HP: 36/44 MP: 7/7
  2452 | D:4      | Found Nired's General Store.
  2461 | D:4      | 2461 ||| BUYING potion of curing (42 gold).
  2461 | D:4      | Bought a potion of curing for 42 gold pieces
  2461 | D:4      | 2461 ||| BUYING potion of curing (42 gold).
  2461 | D:4      | Bought a potion of curing for 42 gold pieces
  2461 | D:4      | 2461 ||| SHOPLISTING wand of digging (4) (235 gold, have
                  | 135).
  2612 | D:4      | Found a runed translucent gate.
  2613 | D:4      | Found a runed translucent gate.
  2613 | D:4      | Found a runed translucent gate.
  2614 | D:4      | Noticed qw's ghost (amateur MiHs)
  2617 | D:4      | Identified the +12 mace "Qohe" {spect, Str+4 Int+3}
  2617 | D:4      | Identified the +1 ring mail of Perfidy {Will+}
  2801 | D:4      | 2801 ||| FLEEEEING.
  2806 | D:4      | 2806 ||| FLEEEEING.
  2807 | D:4      | 2807 ||| FLEEEEING.
  2808 | D:4      | 2808 ||| FLEEEEING.
  2809 | D:4      | 2809 ||| FLEEEEING.
  2810 | D:4      | 2810 ||| FLEEEEING.
  2811 | D:4      | 2811 ||| FLEEEEING.
  2812 | D:4      | 2812 ||| FLEEEEING.
  2813 | D:4      | 2813 ||| STAIRDANCE
  2837 | D:3      | 2837 ||| READING 2 scrolls labelled UNLIVE KIUTAT.
  2977 | D:5      | Entered Level 5 of the Dungeon
  2978 | D:5      | 2978 ||| PLANNING SEWER
  3258 | D:5      | Reached skill level 8 in Ranged Weapons
  3315 | D:5      | Reached XP level 8. HP: 43/49 MP: 8/8
  3375 | D:5      | 3375 ||| DROPPING ring of flight.
  3377 | D:5      | 3377 ||| READING scroll labelled XEDAONOITA.
  3378 | D:5      | 3378 ||| DRINKING 2 murky grey potions.
  3378 | D:5      | Gained mutation: You are robust. (+10% HP) [potion of
                  | mutation]
  3378 | D:5      | Gained mutation: You are clumsy. (Dex -2) [potion of
                  | mutation]
  3378 | D:5      | Gained mutation: Your muscles are strong. (Str +4, Int/Dex
                  | -1) [potion of mutation]
  3378 | D:5      | Gained mutation: Your muscles are very strong. (Str +8,
                  | Int/Dex -2) [potion of mutation]
  3521 | D:5      | Found a shimmering blue altar of Sif Muna.
  3547 | D:5      | Found a glowing golden altar of the Shining One.
  3551 | D:5      | Found a stormy altar of Qazlal.
  3597 | D:5      | 3597 ||| RIP SEWER
  3598 | D:5      | 3598 ||| PLANNING D:1-11
  3762 | D:5      | 3762 ||| Stepping ~*~*~tactically~*~*~ (water).
  3782 | D:5      | 3782 ||| Stepping ~*~*~tactically~*~*~ (water).
  3784 | D:5      | 3784 ||| Stepping ~*~*~tactically~*~*~ (water).
  3801 | D:5      | 3801 ||| Stepping ~*~*~tactically~*~*~ (water).
  3804 | D:5      | Reached skill level 9 in Ranged Weapons
  3808 | D:5      | 3808 ||| Stepping ~*~*~tactically~*~*~ (water).
  3810 | D:5      | 3810 ||| Stepping ~*~*~tactically~*~*~ (water).
  3900 | D:6      | 3900 ||| READING scroll of brand weapon.
  3900 | D:6      | 3900 ||| BRANDING +0 orcbow of freezing.
  3986 | D:6      | Reached skill level 6 in Fighting
  4344 | D:6      | Noticed Sigmund
  4349 | D:6      | 4349 ||| DRINKING 3 potions of curing.
  4349 | D:6      | 4349 ||| (to cure confusion)
  4350 | D:6      | Killed Sigmund
  4351 | D:6      | Reached skill level 10 in Ranged Weapons
  4448 | D:6      | Found a glowing silver altar of Zin.
  4518 | D:6      | Reached skill level 3 in Armour
  4518 | D:6      | Reached XP level 9. HP: 60/60 MP: 9/9
  4605 | D:6      | 4605 ||| DROPPING +6 ring of intelligence.
  4606 | D:6      | 4606 ||| READING scroll labelled EKIUVV LOWUTISM.
  4607 | D:6      | 4607 ||| DRINKING 2 metallic yellow potions.
  4713 | D:6      | 4713 ||| READING 2 scrolls of identify.
  4713 | D:6      | 4713 ||| IDENTIFYING fizzy golden potion
  4714 | D:6      | 4714 ||| DROPPING potion of berserk rage.
  4750 | D:7      | Found a staircase to the Ecumenical Temple.
  4751 | D:7      | 4751 ||| PLANNING TEMPLE
  4759 | Temple   | Entered the Ecumenical Temple
  4760 | Temple   | 4760 ||| PLANNING D:1-11
  4778 | D:7      | 4778 ||| DRINKING 2 potions of curing.
  4778 | D:7      | 4778 ||| (to cure confusion)
  4779 | D:7      | Noticed a troll
  4791 | D:7      | Noticed a gargoyle
  4792 | D:7      | 4792 ||| Stepping ~*~*~tactically~*~*~ (retreating).
  4793 | D:7      | 4793 ||| Stepping ~*~*~tactically~*~*~ (retreating).
  4794 | D:7      | 4794 ||| Stepping ~*~*~tactically~*~*~ (retreating).
  4796 | D:7      | HP: 7/61 [troll (9)]
  4796 | D:7      | Slain by a troll

Levels and vault maps discovered:
D:1:      wander_arrival_chamber, layout_rooms, minmay_hedge_maze, st_stairs_1,
          chequers_serial_rivers_small_a, solitary_fountain
D:2:      layout_loops_cross, shapermc_ecumenical_altar_mp_highgroup,
          chequers_garden, minmay_heptomino_o4, uniq_natasha
D:3:      layout_basic, marbit_many_paths, mainiacjoe_overflow_alcove_2,
          amcnicky_altar_gilded
D:4:      layout_loops_ring, biasface_ghost_orc_armoury, serial_shops,
          nicolae_square_shop, uniq_blork_the_orc
D:5:      layout_basic, grunt_temple_overflow_open,
          nicolae_sif_muna_condensation, gup_sewer_entry_spiral,
          minmay_checkerbox
D:6:      layout_rooms, lemuel_doored_altar, minmay_diced_spiral, uniq_sigmund
D:7:      kennysheep_big_flooded_room, layout_cave_pools,
          mainiacjoe_overflow_alcove_1, nzn_hepliaklqana_mist_gate,
          mainiacjoe_overflow_surrounded_room, minmay_temple_entry_mini_moons
Temple:   hellmonk_temple_two_chambers

Skill      XL: |  1  2  3  4  5  6  7  8 |
---------------+-------------------------+-----
Ranged Weapons | 5 6 7 8 10 | 10.1
Fighting       | 3 4 5 6 |  6.3
Armour         | 1 2 3 |  3.1
Dodging        | 2 |  2.0
Stealth        | |  1.1

Action                     |  1- 3 |  4- 6 |  7- 9 || total
---------------------------+-------+-------+-------++-------
   Fire: Shortbow          |    71 |   162 |       ||   233
         Orcbow            |       |    22 |   239 ||   261
    Use: Scroll            |     1 |     9 |     5 ||    15
         Potion            |       |       |     4 ||     4
 Armour: Leather armour    |    17 |    33 |       ||    50
         Ring mail         |       |    10 |   191 ||   201
  Dodge: Dodged            |    15 |    50 |   121 ||   186

Table legend:
 A = Non-vault XP
 B = Vault XP
 C = Vault XP percentage of total XP
 D = Non-vault monster count
 E = Vault monster count
 F = Vault count percentage of total count
                 A         B        C        D         E       F
            +---------+---------+-------+---------+---------+-------
      Total |    1611 |     842 |  34.3 |     102 |      25 |  19.7
            +---------+---------+-------+---------+---------+-------
        D:1 |      41 |       5 |  10.9 |      23 |       3 |  11.5
        D:2 |     138 |      52 |  27.4 |      13 |       4 |  23.5
        D:3 |     172 |       4 |   2.3 |      18 |       1 |   5.3
        D:4 |     380 |      90 |  19.1 |      27 |       1 |   3.6
        D:5 |     404 |     300 |  42.6 |      12 |      11 |  47.8
        D:6 |     432 |     391 |  47.5 |       7 |       5 |  41.7
        D:7 |      44 |       0 |   0.0 |       2 |       0 |   0.0
            +---------+---------+-------+---------+---------+-------
